AoeStats
← Le Tatar Kirghize

Oasis

507528216Analyzed
2v2 RM · 12d ago on Sep 18, 2026· 15m 10s· 4 players
Game mode
Random Map
Map size
Medium (4 player)
Population
200
Speed
Normal
Resources
Standard
Victory
Conquest
Starting age
Dark Age
Ending age
Imperial Age
RankedLock teamsTeams togetherTeam positionsShared explorationLock speedFull tech treeHidden civsTurbo modeCheats
Victory
Defeat
🇨🇦 Mongols · Canada
1283
+13
🇲🇽 Hindustanis · Mexico
1189
+17
🇲🇽 Persians · Mexico
1219
-15
🇫🇷 Lithuanians · France
1214
-15
Le Tatar Kirghize
5:11 Loom
8:48 Feudal Age
9:42 Double-Bit Axe
13:41 Fletching
Soldado1rken
0:26 Loom
9:47 Feudal Age
mhn30
9:00 Feudal Age
9:55 Double-Bit Axe
15:33 Loom
Dracarys2306
12:08 Feudal Age
15:31 Bloodlines
15:09 Double-Bit Axe
15:05 Horse Collar
15:32 Scale Barding Armor
Connection lost

Rejoining the realm…

Still unreachable

The connection could not be restored.

Session expired

The server has moved on; the page needs a fresh start.